AoeStats
← | NoTok | Wetcheese

Arena

510939403Analyzed
3v3 RM · 16h ago on Oct 3, 2026· 41m 6s· 6 players
Game mode
Random Map
Map size
Normal (6 player)
Population
200
Speed
Normal
Resources
Standard
Victory
Conquest
Starting age
Dark Age
Ending age
Imperial Age
RankedLock teamsTeams togetherTeam positionsShared explorationLock speedFull tech treeHidden civsTurbo modeCheats
Victory
Defeat
🇺🇸 Bohemians · United States
1023
+11
🇺🇸 Persians · United States
985
+13
🇺🇸 Spanish · United States
977
+12
939
-13
🇦🇺 Britons · Australia
901
-21
🇦🇺 Chinese · Australia
889
-11
AFK or first to leave? EATMY ass
11:06 Feudal Age
15:18 Castle Age
13:55 Double-Bit Axe
17:04 Wheelbarrow
25:35 Imperial Age
24:47 Chemistry
25:23 Hand Cart
25:40 Horse Collar
29:30 Pikeman
32:20 Conscription
33:53 Halberdier
36:01 Bow Saw
35:54 Heavy Plow
35:26 Elite Hussite Wagon
37:43 Two-Man Saw
OnePabs
12:49 Feudal Age
17:12 Castle Age
16:27 Loom
17:45 Crossbowman
18:15 Horse Collar
20:41 Wheelbarrow
24:49 Pikeman
31:29 Imperial Age
28:54 Gambesons
30:21 Squires
30:14 Fletching
30:25 Padded Archer Armor
30:48 Fervor
30:35 Gold Mining
31:47 Town Watch
31:54 Double-Bit Axe
32:07 Light Cavalry
33:17 Arbalester
33:56 Halberdier
35:24 Town Patrol
35:58 Leather Archer Armor
36:57 Conscription
| NoTok | Wetcheese
0:38 Loom
12:49 Feudal Age
20:07 Castle Age
19:32 Fletching
19:34 Double-Bit Axe
19:53 Padded Archer Armor
20:28 Scale Mail Armor
31:01 Bow Saw
34:47 Wheelbarrow
39:42 Hand Cart
RecedingWoodLine
11:27 Feudal Age
12:26 Double-Bit Axe
12:26 Horse Collar
15:20 Castle Age
23:21 Fervor
28:18 Imperial Age
29:10 Chemistry
27:50 Elite Skirmisher
28:37 Fletching
28:57 Forging
29:16 Padded Archer Armor
30:01 Wheelbarrow
29:12 Loom
29:44 Bow Saw
30:17 Ballistics
30:34 Bodkin Arrow
31:16 Iron Casting
31:10 Heavy Plow
32:43 Hand Cart
32:52 Bracer
33:30 Scale Mail Armor
34:55 Leather Archer Armor
35:21 Siege Engineers
35:28 Masonry
34:44 Pikeman
36:06 Halberdier
36:49 Squires
39:50 Blast Furnace
39:23 Ring Archer Armor
40:33 Arson
41:05 Chain Mail Armor
KnicksIn5
9:12 Loom
11:21 Feudal Age
15:13 Castle Age
13:19 Double-Bit Axe
19:44 Bow Saw
25:47 Horse Collar
30:14 Imperial Age
28:10 Heavy Plow
28:02 Gold Mining
29:27 Husbandry
29:37 Bloodlines
29:36 Scale Barding Armor
30:39 Chain Barding Armor
30:25 Stone Mining
31:15 Crop Rotation
31:50 Two-Man Saw
30:15 Cavalier
32:55 Plate Barding Armor
32:09 Savar
34:11 Forging
35:28 Iron Casting
35:17 Conscription
36:35 Wheelbarrow
37:50 Blast Furnace
38:24 Masonry
39:15 Gold Shaft Mining
39:57 Architecture
Lo Elo Dummy
10:36 Feudal Age
15:15 Castle Age
17:41 Double-Bit Axe
17:59 Padded Archer Armor
25:13 Horse Collar
28:56 Imperial Age
27:31 Bow Saw
28:23 Scale Barding Armor
28:28 Forging
31:05 Husbandry
31:16 Bloodlines
31:56 Wheelbarrow
32:21 Heavy Plow
32:48 Town Watch
33:32 Leather Archer Armor
35:23 Elite Conquistador
37:47 Conscription
39:32 Ring Archer Armor
Connection lost

Rejoining the realm…

Still unreachable

The connection could not be restored.

Session expired

The server has moved on; the page needs a fresh start.